 Dungeon Crawl Stone Soup version 0.21-a0-633-g4c047d5 (webtiles) character file.

166 shenanigans the Skirmisher (level 5, -1/63 HPs)
             Began as a Barachi Skald on Dec 28, 2017.
             Slain by a phantom (6 damage)
             ... on level 4 of the Dungeon.
             The game lasted 00:05:09 (2649 turns).

shenanigans the Skirmisher (Barachi Skald)          Turns: 2649, Time: 00:05:10

Health: -1/63      AC: 22    Str: 12    XL:     5   Next: 47%
Magic:  0/8        EV:  2    Int: 20    God:
Gold:   32         SH:  0    Dex: 11    Spells: 7/8 levels left

rFire    . . .     SeeInvis .   a - +0 hand axe
rCold    . . .     Gourm    .   (no shield)
rNeg     + + +     Faith    .   (armour currently unavailable)
rPois    +         Spirit   .   (helmet currently unavailable)
rElec    .         Reflect  .   (cloak currently unavailable)
rCorr    .         Harm     .   (gloves currently unavailable)
MR       .....     NoTele   +   (boots currently unavailable)
Stlth    +.........             (no amulet)
HPRegen  0.20/turn              (no ring)
MPRegen  0.11/turn              (no ring)

@: brilliant, lethally poisoned (-1 -> -2), tree-form, infused (expiring)
A: +LOS, swims
a: no special abilities


You were on level 4 of the Dungeon.
You were near starving.
You were a tree.
You visited 1 branch of the dungeon, and saw 3 of its levels.

You collected 32 gold pieces.

Inventory:

Hand Weapons
 a - a +0 hand axe (weapon)
Armour
 b - a +0 leather armour (melded)
Scrolls
 f - a scroll of blinking {unknown}
 g - a scroll of enchant weapon {unknown}
 h - 2 scrolls of teleportation {unknown}
 i - a scroll of fear {unknown}
 j - 2 scrolls of remove curse {unknown}
 k - a scroll of enchant armour {unknown}
 l - a scroll of identify {unknown}
Books
 c - a book of Battle

   Spells                             Type                      Level
   a - Infusion                       Charms                       1
   b - Shroud of Golubria             Charms/Translocation         2
   c - Song of Slaying                Charms                       2
   d - Spectral Weapon                Hexes/Charms                 3
   e - Regeneration                   Charms/Necromancy            3
Comestibles
 d - 2 rations


   Skills:
 + Level 3.8 Fighting
 + Level 3.5 Axes
 + Level 3.2 Armour
 + Level 3.5 Dodging
 - Level 2.1 Spellcasting
 - Level 3.2 Charms


You had 7 spell levels left.
You knew the following spells:

 Your Spells              Type           Power        Failure   Level  Hunger
a - Infusion              Chrm           ####         1%          1    #......


Dungeon Overview and Level Annotations

Branches:
Dungeon (2/15)

Altars:


Innate Abilities, Weirdness & Mutations

Shadows flee at your approach. (+LOS)
You can swim through water.
((You cover ground slowly.))
((You can hop short distances.))


Message History

The phantom hits you but does no damage.
Okay, then.
You hit the phantom!
The phantom is moderately damaged.
You feel sick.
The phantom blinks!
The phantom blinks!
You hit the phantom.
The phantom is heavily damaged.
Your magical infusion is running out.
You feel sick.
The phantom hits you but does no damage.
You hit the phantom.
The phantom is heavily damaged.
The phantom blinks!
You hit the phantom but do no damage.
The phantom is heavily damaged.
You feel sick.
The phantom hits you but does no damage.
The phantom hits you.
You die...

.# .# #.#
#.# #.# #.#
#.#
#.#####.#
#....W♣.#
######..#
#..#
..?.....†.#
########.##
#.# #.# ..#
...


You could see a phantom.

Vanquished Creatures
  A howler monkey (D:4)
  A hound zombie (D:2)
  4 adders
  2 worms (D:2)
  2 dart slugs
  2 leopard geckos (D:1)
  A ball python (D:1)
  A giant cockroach (D:1)
  9 goblins
  11 hobgoblins
  5 jackals (D:1)
  A quokka (D:2)
  7 bats
  5 frilled lizards
  7 kobolds
  5 rats
64 creatures vanquished.

Notes
Turn   | Place    | Note
-------+----------+-------------------------------------------
     0 | D:1      | shenanigans the Barachi Skald began the quest for the Orb.
     0 | D:1      | Reached XP level 1. HP: 17/17 MP: 3/3
   286 | D:1      | Reached XP level 2. HP: 22/23 MP: 5/5
   949 | D:1      | Reached XP level 3. HP: 20/28 MP: 6/6
  1766 | D:2      | Reached XP level 4. HP: 33/35 MP: 2/7
  2550 | D:2      | Reached XP level 5. HP: 33/41 MP: 2/8
  2609 | D:2      | You fall through a shaft for 2 floors!
  2627 | D:4      | Noticed a phantom
  2649 | D:4      | Slain by a phantom

Vault maps used:
D:1:      sevenhm_arrival_forest_fort_large_1
D:2:      minmay_misc_feat_columns
D:4:      minmay_temple_entry_statues_fountains, first_ration, led_sif_book

Skill      XL: |  1  2  3  4  5 |
---------------+----------------+-----
Armour         | 2 3 |  3.2
Fighting       | 3 |  3.8
Axes           | 3 |  3.5
Dodging        | 3 |  3.5
Spellcasting   | |  2.1
Charms         | |  3.2

Action                   |  1- 3 |  4- 6 || total
-------------------------+-------+-------++-------
Melee: Hand axe          |   153 |   116 ||   269
 Cast: Infusion          |     2 |     6 ||     8
  Use: Potion            |     1 |     2 ||     3
 Stab: Sleeping          |       |     1 ||     1
  Eat: Chunk             |     3 |     2 ||     5
Armor: Leather armour    |    28 |    25 ||    53
       Skin              |       |     3 ||     3
Dodge: Dodged            |   105 |    85 ||   190

Table legend:
 A = Spawn XP
 B = Non-spawn XP
 C = Spawn XP percentage of total XP
 D = Spawn monster count
 E = Non-spawn monster count
 F = Spawn count percentage of total count
 G = Total turns spent on level
                    A         B        C        D         E        F      G
               +---------+---------+-------+---------+---------+-------+---------
         Total |       0 |     238 |   0.0 |       0 |      64 |   0.0 |  2649
               +---------+---------+-------+---------+---------+-------+---------
           D:1 |       0 |      59 |   0.0 |       0 |      36 |   0.0 |  1685
           D:2 |       0 |     107 |   0.0 |       0 |      25 |   0.0 |   924
           D:4 |       0 |      72 |   0.0 |       0 |       3 |   0.0 |    40
               +---------+---------+-------+---------+---------+-------+---------
